 Dungeon Crawl Stone Soup version 0.28-a0-793-g31680bbd8b (webtiles) character file.

Game seed: 11215978129222175181

42 demibob the Ruffian (level 3, 31/31 HPs)
             Began as a Ghoul Monk on Nov 4, 2021.
             Was a Believer of Wu Jian.
             Quit the game on level 1 of the Dungeon.
             The game lasted 00:01:05 (1095 turns).

demibob the Ruffian (Ghoul Monk)                    Turns: 1095, Time: 00:01:06

Health: 31/31      AC:  2    Str: 14    XL:     3   Next: 54%
Magic:  2/2        EV: 16    Int:  5    God:    Wu Jian [**....]
Gold:   57         SH:  0    Dex: 12    Spells: 2/2 levels left

rFire   . . .      SeeInvis .     - Unarmed
rCold   + . .      Faith    .   (no shield)
rNeg    + + +      Spirit   .   a - +0 robe
rPois   ∞          Reflect  .   (no helmet)
rElec   .          Harm     .   (no cloak)
rCorr   .          Rampage  .   (no gloves)
Will    .....                   (no boots)
Stlth   ++........              (no amulet)
HPRegen 0.10/turn               E - +4 ring of evasion
MPRegen 0.08/turn               (no ring)

@: no status effects
A: claws 1, cold resistance 1, negative energy resistance 3, inhibited
regeneration, torment resistance 2
a: Renounce Religion, Wall Jump


You were on level 1 of the Dungeon.
You worshipped Wu Jian.
Wu Jian was pleased with you.
You visited 1 branch of the dungeon, and saw 1 of its levels.

You collected 57 gold pieces.


Innate Abilities, Weirdness & Mutations

You thrive by killing the living.
You are immune to poison.
You have sharp fingernails.
Your flesh is cold resistant. (rC+)
You are immune to negative energy. (rN+++)
You do not regenerate when monsters are visible.
You are immune to unholy pain and torment.


   Skills:
 - Level 3.2 Fighting
 - Level 2.6 Dodging
 - Level 2.1 Stealth
 + Level 4.9 Unarmed Combat


You had 2 spell levels left.
You didn't know any spells.
Your spell library was empty.

Inventory:

Armour
 a - a +0 robe (worn)
Jewellery
 E - a +4 ring of evasion (left claw)
Potions
 b - a potion of heal wounds {unknown}
 c - a potion of berserk rage {unknown}
 d - a potion of invisibility {unknown}
 e - a potion of degeneration {unknown}

Dungeon Overview and Level Annotations

Branches:
Dungeon (1/15)

Altars:
Wu Jian

#.#.######.####
#.#............
#.##.##########
#######..#)#
##........#.##
#..P..P...#..#
#..♣P.♣P..##.#
#..♣♣♣P♣.)##.#
#.P.P@.P..##.##
#..P..P♣P.#.#.########
#..P♣♣.♣...###..).....
#.P.....P...#.#######.
##.........#.## #.
#####....##.########.
#######..........
##########. ##


There were no monsters in sight!


Message History

No target in view!
No target in view!
No target in view!
No target in view!
No target in view!
No target in view!
No target in view!
No target in view!
No target in view!
No target in view!
No target in view!
No target in view!
You see here a bat corpse.
Found a stone staircase leading down.
You see here a bat corpse.
You see here a quokka corpse.
You see here a +0 dagger.
Done exploring.
Done exploring.
Done exploring.
You aren't carrying any scrolls.
Search for what [? for help]? alt
There is a faded altar of an unknown god here.
You cannot tell which god this altar belongs to.
Convert to them anyway?
Wu Jian accepts your prayer! The Council welcomes you!
You can now lightly attack monsters by moving around them.
You can now perform airborne attacks.
You can now perform damaging attacks by moving towards foes.
Are you sure you want to abandon this character and quit the game? (Confirm with "yes".)

Skill      XL: |  1  2 |
---------------+-------+-----
Unarmed Combat | 4 |  4.9
Fighting       | |  3.2
Dodging        | |  2.6
Stealth        | |  2.1

Action                   || total
-------------------------++-------
Melee: Unarmed           ||   108
       Punch             ||     3
 Stab: Sleeping          ||     6
Armor: Robe              ||    13
Dodge: Dodged            ||    82

Levels and vault maps discovered:
D:1:      onia_arrival_zoo_common, layout_loops_ring,
          dreamdust_ecumenical_altar_grove

Notes
Turn   | Place    | Note
-------+----------+-------------------------------------------
     0 | D:1      | demibob the Ghoul Monk began the quest for the Orb.
     0 | D:1      | Reached XP level 1. HP: 19/19 MP: 0/0
     6 | D:1      | Noticed a black bear
     6 | D:1      | Noticed a swamp worm
     6 | D:1      | Noticed a wolf
     7 | D:1      | Noticed a black mamba
     7 | D:1      | Noticed a redback
   112 | D:1      | Found a faded altar of an unknown god.
   196 | D:1      | Reached XP level 2. HP: 26/26 MP: 1/1
   200 | D:1      | Reached skill level 4 in Unarmed Combat
   433 | D:1      | Reached XP level 3. HP: 27/31 MP: 2/2
  1094 | D:1      | Prayed at the altar of an unknown god.
  1094 | D:1      | Became a worshipper of the Wu Jian Council
  1094 | D:1      | Reached * piety under Wu Jian
  1094 | D:1      | Reached ** piety under Wu Jian
  1095 | D:1      | Quit the game

Vanquished Creatures
  2 dart slugs (D:1)
  An endoplasm (D:1)
  3 giant cockroaches (D:1)
  2 goblins (D:1)
  3 hobgoblins (D:1)
  2 jackals (D:1)
  5 kobolds (D:1)
  4 quokkas (D:1)
  3 ball pythons (D:1)
  6 bats (D:1)
  2 frilled lizards (D:1)
  2 rats (D:1)
35 creatures vanquished.

Table legend: (Time is in decaauts)
 A = Elapsed time spent in this place.
 B = Non-inter-level travel time spent in this place.
 C = Inter-level travel time spent in this place.
 D = Time resting spent in this place.
 E = Time spent auto-exploring this place.
 F = Levels seen in this place.
 G = Mean time per level.
                   A        B        C        D        E       F      G
               +--------+--------+--------+--------+--------+-----+--------+
         Total |   1085 |   1076 |      9 |      0 |    861 |   1 | 1085.0 |
       Dungeon |   1085 |   1076 |      9 |      0 |    861 |   1 | 1085.0 |
               +--------+--------+--------+--------+--------+-----+--------+

Top non-repeatable levels by time:
     D:1: 1085 daAuts

Table legend:
 A = Non-vault XP
 B = Vault XP
 C = Vault XP percentage of total XP
 D = Non-vault monster count
 E = Vault monster count
 F = Vault count percentage of total count
                 A         B        C        D         E       F
            +---------+---------+-------+---------+---------+-------
      Total |      60 |       0 |   0.0 |      35 |       0 |   0.0
            +---------+---------+-------+---------+---------+-------
        D:1 |      60 |       0 |   0.0 |      35 |       0 |   0.0
            +---------+---------+-------+---------+---------+-------
